 Dungeon Crawl Stone Soup version 0.28.0-53-g5a82cb258f (webtiles) character file.

Game seed: 7145165345046175810

2594 Gabide the Nimble (level 9, -1/59 HPs)
             Began as a Tengu Monk on June 2, 2022.
             Was a Believer of Sif Muna.
             Slain by a steam dragon (2 damage)
             ... on level 8 of the Dungeon.
             The game lasted 00:11:13 (8887 turns).

Gabide the Nimble (Tengu Monk)                      Turns: 8887, Time: 00:11:13

Health: -1/59      AC:  8    Str: 17    XL:     9   Next: 58%
Magic:  10/10      EV: 20    Int: 10    God:    Sif Muna [**....]
Gold:   316        SH:  0    Dex: 22    Spells: 8/8 levels left

rFire   . . .      SeeInvis .   w - +0 halberd
rCold   . . .      Faith    .   (shield currently unavailable)
rNeg    . . .      Spirit   .   z - +0 ring mail
rPois   +          Reflect  .   (helmet restricted)
rElec   .          Harm     .   t - scarf {shadows}
rCorr   .          Rampage  .   k - +2 pair of gloves
Will    .....                   (boots unavailable)
Stlth   ++........              (no amulet)
HPRegen 0.19/turn               b - +6 ring of strength
MPRegen 0.12/turn               x - ring of poison resistance

@: mighty, brilliant, flying quickly and evasively, quick
A: beak, talons 3, nimble flight
a: Renounce Religion, Channel Magic


You were on level 8 of the Dungeon.
You worshipped Sif Muna.
Sif Muna was pleased with you.
You visited 2 branches of the dungeon, and saw 9 of its levels.

You collected 316 gold pieces.

Inventory:

Hand Weapons
 a - a +0 spear
 o - a +3 quarterstaff of chaos
 w - a +0 halberd (weapon)
Missiles
 d - 5 javelins
 q - 9 poisoned darts
Armour
 e - a +0 leather armour
 i - a scarf of invisibility
 k - a +2 pair of gloves (worn)
 n - a +0 cloak
 t - a scarf of shadows (worn)
 z - a +0 ring mail (worn)
Jewellery
 b - a +6 ring of strength (left hand)
 l - a ring of protection from cold
 s - a ring of protection from fire
 x - a ring of poison resistance (right hand)
Wands
 g - a wand of digging (3)
 j - a wand of flame (31)
 F - a wand of polymorph (6) (quivered)
Scrolls
 c - 2 scrolls of vulnerability
 h - 2 scrolls of enchant weapon {unknown}
 r - a scroll of noise {unknown}
 v - a scroll of blinking {unknown}
 y - a scroll of magic mapping {unknown}
 D - a scroll of enchant armour {unknown}
 H - 2 scrolls of teleportation {unknown}
Potions
 f - 2 potions of curing
 m - a potion of cancellation {unknown}
 p - a potion of might
 u - a potion of heal wounds {unknown}
 A - a potion of brilliance
 B - a potion of ambrosia {unknown}
 E - a potion of experience {unknown}
 I - a potion of lignification {unknown}


   Skills:
 + Level 8.2 Fighting
 + Level 8.6 Polearms
 + Level 8.7 Dodging
 - Level 2.0 Stealth


You had 8 spell levels left.
You didn't know any spells.
Your spell library contained the following spells:

 Spells                   Type           Power      Damage    Failure   Level
 Blink                    Tloc           0%         N/A       71%         2
 Corpse Rot               Necr/Air       0%         N/A       71%         2
 Poisonous Vapours        Pois/Air       0%         N/A       71%         2
 Dazzling Flash           Conj/Hex       0%         N/A       91%         3
 Lesser Beckoning         Tloc           0%         N/A       91%         3
 Cause Fear               Hex            0%         N/A       100%        4
 Iskenderun's Mystic Bla  Conj/Tloc      0%         2d3       100%        4
 Manifold Assault         Tloc           0%         N/A       100%        5
 Starburst                Conj/Fire      0%         6d3       100%        6
 Dragon Form              Tmut           0%         N/A       100%        7
 Dragon's Call            Summ           0%         N/A       100%        9


Dungeon Overview and Level Annotations

Branches:
Dungeon (8/15)             Temple (1/1) D:4
   Lair: D:8-11

Altars:
Ashenzari
Cheibriados
Dithmenos
Elyvilon
Fedhas
Gozag
Hepliaklqana
Kikubaaqudgha
Makhleb
Nemelex Xobeh
Okawaru
Qazlal
Ru
Sif Muna
Trog
Uskayaw
Vehumet
Wu Jian
Xom
Yredelemnul
Zin
The Shining One

Shops:
D:4 =


Innate Abilities, Weirdness & Mutations

You have a beak for a mouth.
You have claws for feet.
Your magical nature lets you fly swiftly and evasively.


Message History

You claw the steam dragon, but do no damage.
The steam dragon is moderately wounded.
The steam dragon breathes steam at you. The ball of steam hits you!
* * * LOW HITPOINT WARNING * * *
Okay, then.
Throw: dart (atropa)
Press: ? - help, Q - select action, (/) - cycle Shift-Dir - straight line, f - steam dragon
Aim: a steam dragon (moderately wounded, catching its breath, 67% to hit, chance to blind on hit: 61%)
You throw an atropa-tipped dart.
The atropa-tipped dart hits the steam dragon.
The steam dragon appears confused.
The steam dragon is moderately wounded.
It was a potion of might.
You feel very mighty all of a sudden.
The steam dragon seems less confused.
It was a potion of brilliance.
You feel clever all of a sudden.
Okay, then.
Aiming: Polymorph
Press: ? - help, Q - select action, (/) - cycle Shift-Dir - straight line, f/p - steam dragon
Aim: a steam dragon (moderately wounded, blind, will become a swamp drake, a fire bat, or an acid dragon, chance to affect: 49%)
Okay, then.
Reach: w) +0 halberd
Press: ? - help, Dir - move target, f/p - steam dragon
Aim: a steam dragon (moderately wounded, blind, about 34% to evade your +0 halberd)
You reach to attack!
You hit the steam dragon but do no damage.
The steam dragon is moderately wounded.
The steam dragon is no longer blind.
Reach: w) +0 halberd
Press: ? - help, Dir - move target, f/p - steam dragon
Aim: a steam dragon (moderately wounded, about 34% to evade your +0 halberd)
You barely miss the steam dragon. Your kick misses the steam dragon.
The steam dragon is moderately wounded.
The steam dragon breathes steam at you. The ball of steam hits you!
* * * LOW HITPOINT WARNING * * *
The steam dragon bites you.
You die...

#.##........
#.##...≈......≈
#.##..........≈
#.##....≈≈....≈
#.##..........≈
#.##...........
#.##.§§........
#.##§§§D.......
#..'§§@§.......
####...........
#...........
############


You could see a steam dragon (catching breath).

Vanquished Creatures
  Pikel (D:7)
  Prince Ribbit (D:6)
  Menkaure (D:5)
  2 water moccasins
  A black bear (D:5)
  An orc warrior (D:6)
  2 ogres
  A centaur (D:6)
  3 lemures (D:7)
  A phantom (D:5)
  Blork the orc (D:5)
  A bullfrog (D:7)
  A scorpion (D:4)
  4 killer bees (D:8)
  An electric eel (D:8)
  A centaur zombie (D:5)
  An orc priest (D:4)
  3 hounds
  A jelly (D:7)
  Crazy Yiuf (D:3)
  A gnoll shaman (D:4)
  A centaur skeleton (D:5)
  4 orc wizards
  Jessica (D:3)
  Ijyb (D:5)
  3 iguanas
  A hound zombie (D:5)
  A hound skeleton (D:4)
  4 gnolls
  3 adders
  A shadow imp (D:6)
  An ufetubus (D:5)
  An adder skeleton (D:4)
  2 worms
  4 dart slugs
  13 orcs
  7 ball pythons
  4 bats
  8 endoplasms
  11 giant cockroaches
  5 hobgoblins
  4 kobolds
  3 quokkas
  2 frilled lizards (D:2)
  6 goblins
  6 rats
127 creatures vanquished.

Vanquished Creatures (others)
  A plant (D:3)
1 creature vanquished.

Grand Total: 128 creatures vanquished

Notes
Turn   | Place    | Note
-------+----------+-------------------------------------------
     0 | D:1      | Gabide the Tengu Monk began the quest for the Orb.
     0 | D:1      | Reached XP level 1. HP: 14/14 MP: 2/2
   168 | D:1      | Reached XP level 2. HP: 17/19 MP: 3/3
   702 | D:1      | Reached XP level 3. HP: 22/23 MP: 4/4
  1542 | D:2      | Reached XP level 4. HP: 28/28 MP: 5/5
  2109 | D:3      | Found a faded altar of an unknown god.
  2268 | D:3      | Noticed Jessica
  2276 | D:3      | Killed Jessica
  2300 | D:3      | Found a hide-covered altar of Uskayaw.
  2393 | D:3      | Gained mutation: Your magical nature lets you fly swiftly
                  | and evasively. [Tengu growth]
  2393 | D:3      | Reached XP level 5. HP: 33/33 MP: 6/6
  2696 | D:3      | Found an ornate altar of the Wu Jian Council.
  3083 | D:3      | Found a runed translucent door.
  3084 | D:3      | Noticed Crazy Yiuf
  3130 | D:3      | Killed Crazy Yiuf
  3472 | D:4      | Reached XP level 6. HP: 31/39 MP: 7/7
  3476 | D:4      | Reached skill level 5 in Polearms
  3560 | D:4      | Found a staircase to the Ecumenical Temple.
  3631 | Temple   | Entered the Ecumenical Temple
  3655 | Temple   | Became a worshipper of Sif Muna the Loreminder
  3655 | Temple   | Reached * piety under Sif Muna
  3655 | Temple   | Reached ** piety under Sif Muna
  3977 | D:4      | Reached skill level 5 in Dodging
  4140 | D:4      | Reached skill level 5 in Fighting
  4506 | D:4      | Found Lehoinih's Jewellery Boutique.
  5038 | D:5      | Entered Level 5 of the Dungeon
  5038 | D:5      | Noticed a black bear
  5047 | D:5      | Killed a black bear
  5048 | D:5      | Reached XP level 7. HP: 41/44 MP: 8/8
  5099 | D:5      | Noticed Blork the orc
  5109 | D:5      | Killed Blork the orc
  5454 | D:5      | Noticed Ijyb
  5462 | D:5      | Paralysed by Ijyb for 5 turns
  5467 | D:5      | Killed Ijyb
  5743 | D:5      | Noticed Menkaure
  5748 | D:5      | Killed Menkaure
  5749 | D:5      | Reached XP level 8. HP: 51/51 MP: 9/9
  6381 | D:6      | HP: 2/52 [water moccasin (2)]
  6821 | D:6      | Noticed Prince Ribbit
  6831 | D:6      | Killed Prince Ribbit
  7358 | D:7      | Reached XP level 9. HP: 52/57 MP: 10/10
  7739 | D:7      | Noticed Pikel
  8100 | D:7      | Killed Pikel
  8357 | D:8      | Reached *** piety under Sif Muna
  8759 | D:8      | Found a stormy altar of Qazlal.
  8886 | D:8      | HP: 1/59 [steam dragon/ball of steam (12)]
  8887 | D:8      | Slain by a steam dragon

Illustrated notes

Levels and vault maps discovered:
D:1:      sevenhm_arrival_forest_fort_small_4, layout_basic, roderic_lattice_a,
          hangedman_decor_growths
D:2:      layout_loops_corners
D:3:      layout_loops_corners, nicolae_uskayaw_murder_on_the_dancefloor,
          nicolae_wu_jian_immortal_techniques, shapermc_ecumenical_altar_ellora,
          uniq_crazy_yiuf_cottage, uniq_jessica
D:4:      layout_loops_ring, temple_hall, serial_shops,
          nicolae_shop_behind_doors, dk_noncrumbling_4, kennysheep_boxes
D:5:      layout_cave_pods, kennysheep_generic_room_10, uniq_blork_the_orc,
          uniq_menkaure, uniq_ijyb
D:6:      layout_basic, portal_sewer_entry_f, patterned_corridor,
          uniq_prince_ribbit1
D:7:      layout_gridville, uniq_pikel
D:8:      kennysheep_ambush_hall, layout_basic, overflow_temple_1_default,
          grunt_lair_entry_orc_guard_hut, hellmonk_guarded_unrand_vines,
          uniq_maurice
Temple:   mainiacjoe_temple_bowtie_tessellation

Skill      XL: |  1  2  3  4  5  6  7  8  9 |
---------------+----------------------------+-----
Dodging        | 4 5 6 7 8 |  8.7
Polearms       | 4 5 6 7 8 |  8.6
Fighting       | 4 5 6 7 8 |  8.2
Stealth        | |  2.0

Action                   |  1- 3 |  4- 6 |  7- 9 || total
-------------------------+-------+-------+-------++-------
Melee: Spear             |    85 |   164 |       ||   249
       Kick              |    12 |    43 |    39 ||    94
       Peck              |     6 |    22 |    27 ||    55
       Punch             |       |     2 |       ||     2
       Halberd           |       |     4 |   193 ||   197
Throw: Javelin           |     6 |     2 |       ||     8
       Dart              |       |     6 |     9 ||    15
       Throwing net      |       |     2 |     1 ||     3
Evoke: Wand              |       |       |     4 ||     4
  Use: Scroll            |       |       |     4 ||     4
       Potion            |       |       |     3 ||     3
 Stab: Sleeping          |     8 |    11 |     3 ||    22
       Distracted        |     1 |       |       ||     1
       Held in net/web   |       |       |     1 ||     1
Armor: Leather armour    |     7 |    24 |    10 ||    41
       Ring mail         |       |       |    31 ||    31
Dodge: Dodged            |    31 |    85 |   177 ||   293
